 Dungeon Crawl Stone Soup version 0.23.2-1-ga50397a6bc (webtiles) character file.

Game seed: 14493339604360427127

60 Brecoman the Grave Robber (level 3, -1/26 HPs)
             Began as a Mummy Necromancer on May 18, 2019.
             Slain by a jackal (2 damage)
             ... on level 2 of the Dungeon.
             The game lasted 00:07:35 (1267 turns).

Brecoman the Grave Robber (Mummy Necromancer)       Turns: 1267, Time: 00:07:35

Health: -1/26      AC:  2    Str: 11    XL:     3   Next: 80%
Magic:  1/7        EV: 12    Int: 15    God:
Gold:   26         SH:  0    Dex: 12    Spells: 3/8 levels left

rFire    x . .     SeeInvis .   e - +0 short sword
rCold    + . .     Gourm    .   (no shield)
rNeg     + + +     Faith    .   a - +0 robe
rPois    ∞         Spirit   .   (no helmet)
rElec    .         Reflect  .   (no cloak)
rCorr    .         Harm     .   (no gloves)
MR       .....                  (no boots)
Stlth    ++........             (no amulet)
HPRegen  0.08/turn              (no ring)
MPRegen  0.10/turn              (no ring)

@: no status effects
A: no food or potions, fire vulnerability, cold resistance 1, negative energy
resistance 3, torment resistance, unbreathing
a: no special abilities


You were on level 2 of the Dungeon.
You were not hungry.

You visited 1 branch of the dungeon, and saw 2 of its levels.

You collected 26 gold pieces.

Inventory:

Hand Weapons
 e - a +0 short sword (weapon)
Missiles
 b - 79 stones (quivered)
Armour
 a - a +0 robe (worn)
 j - a scarf of repulsion
Jewellery
 c - an uncursed ring of protection from cold {unknown}
 i - a +5 amulet of reflection {unknown}
Scrolls
 d - 2 scrolls of fog {unknown}
 f - a scroll of noise {unknown}
 g - a scroll of random uselessness {unknown}
 h - 2 scrolls of enchant weapon {unknown}
 k - a scroll of enchant armour {unknown}
 l - a scroll of blinking {unknown}


   Skills:
 + Level 1.5 Fighting
 + Level 1.2 Armour
 - Level 1.5 Dodging
 - Level 1.5 Stealth
 + Level 3.4 Spellcasting
 + Level 4.4 Necromancy


You had 3 spell levels left.
You knew the following spells:

 Your Spells              Type           Power        Failure   Level  Hunger
a - Pain                  Necr           ###.         3%          1    N/A
b - Animate Skeleton      Necr           N/A          3%          1    N/A
c - Vampiric Draining     Necr           ###.......   10%         3    N/A

Your spell library contained the following spells:

 Spells                   Type           Power        Failure   Level  Hunger
 Animate Dead             Necr           N/A          30%         4    N/A
 Regeneration             Chrm/Necr      Unusable     N/A         3    N/A

Dungeon Overview and Level Annotations

Branches:
Dungeon (2/15)

Altars:


Innate Abilities, Weirdness & Mutations

You do not eat or drink.
Your flesh is vulnerable to fire.
You are immune to poison.
Your flesh is cold resistant. (rC+)
You are immune to negative energy. (rN+++)
You are immune to unholy pain and torment.
You can survive without breathing.


Message History

You barely miss the jackal. The jackal barely misses you. The jackal bites you.
* * * LOW HITPOINT WARNING * * *
You hit the jackal but do no damage. The jackal bites you.
* * * LOW HITPOINT WARNING * * *
The jackal barely misses you. The jackal closely misses you.
The jackal bites you.
* * * LOW HITPOINT WARNING * * *
Casting: Pain (safe; 3% risk of failure)
Confirm with . or Enter, or press ? or * to list all spells.
Aiming: Pain (safe; 3% risk of failure)
Press: ? - help, Shift-Dir - straight line, f/p - jackal
Aim: a jackal (severely wounded, chance to defeat MR: 85%)
The jackal writhes in agony.
You kill the jackal!
The jackal closely misses you. The jackal barely misses you.
The jackal bites you.
* * * LOW HITPOINT WARNING * * *
The jackal bites you.
You die...

........# #.# #.<.%.......
........# #.# #...........
........# #.# ####...........
.......#####.###..............
..............'.....[........
#......#.###..............
#...%..#...+..............
#.)....#####...........###
#......#Sh@.....##+####
#........r#####.# #.........#
.# #.........# .#
#####'#.....# #...........#
..#.###†########
..).............
#.#.##......###


You could see an adder, a quokka and a jackal.

Vanquished Creatures
  An adder (D:2)
  4 oozes (D:1)
  A dart slug (D:1)
  A leopard gecko (D:1)
  A giant cockroach (D:1)
  3 goblins
  2 hobgoblins (D:1)
  2 jackals (D:2)
  A ball python (D:1)
  2 bats
  2 frilled lizards
  3 kobolds (D:1)
  A rat (D:1)
24 creatures vanquished.

Vanquished Creatures (collateral kills)
  An adder (D:2)
1 creature vanquished.

Grand Total: 25 creatures vanquished

Notes
Turn   | Place    | Note
-------+----------+-------------------------------------------
     0 | D:1      | Brecoman the Mummy Necromancer began the quest for the Orb.
     0 | D:1      | Reached XP level 1. HP: 13/13 MP: 4/4
   142 | D:1      | Reached XP level 2. HP: 20/20 MP: 2/5
   434 | D:1      | Reached skill level 1 in Fighting
   725 | D:1      | Reached XP level 3. HP: 26/26 MP: 2/7
   783 | D:1      | Learned a level 1 spell: Animate Skeleton
   787 | D:1      | Learned a level 3 spell: Vampiric Draining
   844 | D:1      | Reached skill level 1 in Armour
  1260 | D:2      | HP: 1/26 [jackal (1)]
  1267 | D:2      | Slain by a jackal

Skill      XL: |  1  2  3 |
---------------+----------+-----
Spellcasting   | 3 |  3.4
Fighting       | 1 |  1.5
Armour         | 1 |  1.2
Dodging        | |  1.5
Stealth        | |  1.5
Necromancy     | |  4.4

Action                   || total
-------------------------++-------
Melee: Short sword       ||    12
 Cast: Pain              ||    59
       Animate Skeleton  ||     3
Armor: Robe              ||     4
Dodge: Dodged            ||    29
